 Dungeon Crawl Stone Soup version 0.26-a0-83-g7ccd015ce0 (webtiles) character file.

Game seed: 6154604865862917061

25 MordorOrchid the Ducker (level 3, -5/35 HPs)
             Began as a Gnoll Monk on June 16, 2020.
             Slain by a worm (8 damage)
             ... on level 2 of the Dungeon.
             The game lasted 00:03:30 (533 turns).

MordorOrchid the Ducker (Gnoll Monk)                 Turns: 533, Time: 00:03:30

Health: -5/35      AC:  3    Str: 13    XL:     3   Next: 6%
Magic:  3/3        EV: 16    Int: 13    God:
Gold:   49         SH:  0    Dex: 17    Spells: 3/3 levels left

rFire    . . .     SeeInvis .   a - +0 falchion
rCold    . . .     Gourm    .   (no shield)
rNeg     . . .     Faith    .   b - +0 robe
rPois    +         Spirit   .   (no helmet)
rElec    .         Reflect  .   (no cloak)
rCorr    +         Harm     .   (no gloves)
MR       .....                  i - +0 pair of boots
Stlth    +++.......             (no amulet)
HPRegen  0.11/turn              k - ring of poison resistance
MPRegen  0.08/turn              l - ring of resist corrosion

@: no status effects
A: distributed training, fangs 1, strong nose
a: no special abilities


You were on level 2 of the Dungeon.
You were not hungry.

You visited 1 branch of the dungeon, and saw 2 of its levels.

You collected 49 gold pieces.

Inventory:

Hand Weapons
 a - a +0 falchion (weapon)
 q - a +0 short sword
Missiles
 m - 41 bolts
 p - 15 stones (quivered)
Armour
 b - a +0 robe (worn)
 d - a +0 ring mail
 i - a +0 pair of boots (worn)
 n - a +0 chain mail
Jewellery
 k - a ring of poison resistance (left hand)
 l - a ring of resist corrosion (right hand)
Scrolls
 e - a scroll of identify {unknown}
 g - a scroll of amnesia {unknown}
 o - a scroll of immolation {unknown}
Potions
 f - 2 potions of haste
 j - a potion of stabbing {unknown}
Comestibles
 c - 4 rations
 h - a chunk of flesh


   Skills:
 + Level 6.5 Fighting
 + Level 0.5 Short Blades
 + Level 6.5 Long Blades
 + Level 0.5 Axes
 + Level 0.5 Maces & Flails
 + Level 0.5 Polearms
 + Level 0.5 Staves
 + Level 0.5 Slings
 + Level 0.5 Bows
 + Level 0.5 Crossbows
 + Level 0.5 Throwing
 + Level 0.5 Armour
 + Level 6.5 Dodging
 + Level 4.1 Stealth
 + Level 0.5 Shields
 + Level 0.5 Unarmed Combat
 + Level 0.5 Spellcasting
 + Level 0.4 Conjurations
 + Level 0.4 Hexes
 + Level 0.4 Charms
 + Level 0.4 Summonings
 + Level 0.4 Necromancy
 + Level 0.4 Translocations
 + Level 0.4 Transmutations
 + Level 0.4 Fire Magic
 + Level 0.4 Ice Magic
 + Level 0.4 Air Magic
 + Level 0.4 Earth Magic
 + Level 0.4 Poison Magic
 + Level 0.7 Invocations
 + Level 0.5 Evocations


You had 3 spell levels left.
You didn't know any spells.
Your spell library was empty.

Dungeon Overview and Level Annotations

Branches:
Dungeon (2/15)

Altars:
Xom


Innate Abilities, Weirdness & Mutations

Your experience applies equally to all skills.
You have very sharp teeth.
Your uncanny sense of smell can sniff out nearby items.


Message History

The worm misses you.
You barely miss the worm.
The worm is moderately wounded.
You hit the worm.
The worm is heavily wounded.
The worm closely misses you.
You riposte.
You barely miss the worm. Your bite misses the worm.
The worm is heavily wounded.
You hit the worm.
The worm is severely wounded.
A kobold comes into view. It is wielding a +0 short sword.
The kobold shouts!
You hit the worm.
The worm is almost dead.
The worm bites you!
* * * LOW HITPOINT WARNING * * *
You barely miss the worm.
The worm is almost dead.
The worm bites you!
You die...

#. #. .# # .# #.#.# ..#
.. ....#.# .[..
...#.#.#.##...#
..K.......#.#.#.#
.:.....#....#.#.#
......w.......#.# .# #.#
...(...@........##.# #.#
###..#r#.†#.#...##.###.#
∆#.....................
##.!.#..#.#...##......
#............##......
#....#..#.#..###......
..#....................
.##...........###†.....
#.....................


You could see a worm, a kobold and a rat.

Vanquished Creatures
  2 worms (D:2)
  3 dart slugs (D:1)
  4 bats
  2 goblins (D:1)
  A hobgoblin (D:2)
  A frilled lizard (D:1)
  A kobold (D:2)
  A rat (D:1)
15 creatures vanquished.

Notes
Turn   | Place    | Note
-------+----------+-------------------------------------------
     0 | D:1      | MordorOrchid the Gnoll Monk began the quest for the Orb.
     0 | D:1      | Reached XP level 1. HP: 23/23 MP: 1/1
   100 | D:1      | Reached XP level 2. HP: 26/29 MP: 2/2
   408 | D:2      | Found a shimmering altar of Xom.
   485 | D:2      | Reached XP level 3. HP: 19/35 MP: 3/3
   533 | D:2      | Slain by a worm

Illustrated notes

Levels and vault maps discovered:
D:1:      shiori_arrival_oz, layout_basic, grunt_decor_cap, minmay_tetromino_o4
D:2:      layout_basic, lemuel_round_altar, minmay_ruptured

Action                   || total
-------------------------++-------
Melee: Falchion          ||    46
       Bite              ||     9
Throw: Stone             ||    14
  Use: Potion            ||     1
 Stab: Sleeping          ||     5
Armor: Robe              ||     1
Dodge: Dodged            ||    17
       Rpst.: Falchion   ||     5

Table legend:
 A = Non-vault XP
 B = Vault XP
 C = Vault XP percentage of total XP
 D = Non-vault monster count
 E = Vault monster count
 F = Vault count percentage of total count
                 A         B        C        D         E       F
            +---------+---------+-------+---------+---------+-------
      Total |      32 |       5 |  13.5 |      13 |       2 |  13.3
            +---------+---------+-------+---------+---------+-------
        D:1 |      18 |       5 |  21.7 |       8 |       2 |  20.0
        D:2 |      14 |       0 |   0.0 |       5 |       0 |   0.0
            +---------+---------+-------+---------+---------+-------
